 Dungeon Crawl Stone Soup version 0.29.0-10-g45618ea6d2 (webtiles) character file.

Game seed: 3349296337265521608

91 Persephone the Chopper (level 4, -2/39 HPs)
             Began as a Hill Orc Fighter on Sept 2, 2022.
             Was an Initiate of Beogh.
             Constricted to death by Ijyb (4 damage)
             ... on level 4 of the Dungeon.
             The game lasted 00:05:08 (1910 turns).

Persephone the Chopper (Hill Orc Fighter)           Turns: 1910, Time: 00:05:08

Health: -2/39      AC: 15    Str: 16    XL:     4   Next: 59%
Magic:  4/4        EV:  1    Int:  8    God:    Beogh [......]
Gold:   160        SH:  5    Dex: 18    Spells: 3/3 levels left

rFire   . . .      SeeInvis .   a - +0 war axe
rCold   . . .      Faith    .   c - +0 buckler
rNeg    . . .      Spirit   .   n - +0 plate armour
rPois   +          Reflect  .   (no helmet)
rElec   .          Harm     .   g - +2 cloak
rCorr   .          Rampage  .   (no gloves)
Will    .....                   l - +0 pair of boots
Stlth   ..........              (no amulet)
HPRegen 0.13/turn               j - +6 ring of dexterity
MPRegen 0.09/turn               m - ring of poison resistance

@: mighty, grasped by roots, hasted, constricted, very quick
A: talons 1, weak 1, evolution 1
a: Renounce Religion


You were on level 4 of the Dungeon.
You worshipped Beogh.
Beogh was noncommittal.
You visited 1 branch of the dungeon, and saw 4 of its levels.

You collected 160 gold pieces.

Inventory:

Hand Weapons
 a - a +0 war axe (weapon)
Armour
 c - a +0 buckler (worn)
 g - a +2 cloak (worn)
 l - a +0 pair of boots (worn)
 n - a +0 plate armour (worn)
 o - a +0 pair of gloves
Jewellery
 j - a +6 ring of dexterity (left hand)
 m - a ring of poison resistance (right hand)
 r - an amulet of guardian spirit
Scrolls
 f - a scroll of butterflies {unknown}
 i - a scroll of vulnerability {unknown}
 k - 3 scrolls of identify {unknown}
 p - 3 scrolls of noise {unknown}
 s - 2 scrolls of fear {unknown}
 t - a scroll of enchant weapon {unknown}
 u - a scroll of teleportation {unknown}
Potions
 d - a potion of might
 h - a potion of attraction {unknown}
 q - a potion of degeneration {unknown}
 v - a potion of brilliance {unknown}
 w - a potion of invisibility {unknown}


   Skills:
 - Level 3.6 Fighting
 + Level 6.2 Axes
 - Level 3.2 Armour
 - Level 3.2 Shields


You had 3 spell levels left.
You didn't know any spells.
Your spell library contained the following spells:

 Spells                   Type           Power      Damage    Failure   Level
 Blade Hands              Tmut           0%         N/A       100%        5
 Irradiate                Conj/Tmut      0%         3d11      100%        5
 Dragon Form              Tmut           0%         N/A       100%        7


Dungeon Overview and Level Annotations

Branches:
Dungeon (4/15)
 Temple: D:4-7

Altars:

Shops:
D:2 =

Annotations:
D:4 Ijyb


Innate Abilities, Weirdness & Mutations

You have sharp toenails.
You are weak. (Str -2)
You have hidden genetic potential.


Message History

You see here 5 stones.
There is a stone staircase leading down here.
You climb downwards.
Ijyb shouts!
You hear a bark!
There is a stone staircase leading up here.
Ijyb is nearby!
A hound comes into view.
The hound barks!
Ijyb zaps a wand.
The roots erupt in riotous growth!
The grasping roots grab you!
Ijyb is unaffected.
The grasping roots constrict you.
You closely miss Ijyb. Ijyb hits you with a +0 club.
The grasping roots constrict you.
* * * LOW HITPOINT WARNING * * *
Ijyb hits you but does no damage. The grasping roots constrict you.
* * * LOW HITPOINT WARNING * * *
The grasping roots release their grip on you.
You hit Ijyb but do no damage.
Ijyb screams, "Die!"
Ijyb hits you with a +0 club.
* * * LOW HITPOINT WARNING * * *
Ijyb attacks as you move away! You block Ijyb's attack.
Found an escape hatch in the floor.
There is a stone staircase leading up here.
It was a potion of haste.
You feel yourself speed up. The hound bites you.
* * * LOW HITPOINT WARNING * * *
Ijyb screams, "It's all mine!"
Ijyb zaps a wand.
The roots erupt in riotous growth!
The grasping roots grab you!
The hound is unaffected.
Ijyb is unaffected.
The grasping roots constrict you.
* * * LOW HITPOINT WARNING * * *
You feel very mighty all of a sudden. You block the hound's attack.
Unknown command.
It was a potion of mutation.
You feel extremely strange.
You feel weaker.
Your toenails lengthen and sharpen.
You feel a hidden potential growing inside you.
The hound completely misses you. Ijyb hits you but does no damage.
The grasping roots constrict you.
You die...

#....#. ≈≈§§§§
.... #. §§§§.§
#. .......
§§§§.. ##..
..##..#
⌠§§§..######...#
#... ≈≈≈.......
....# ###.
≈≈≈§..... ....##
#
........##......
.......@h.......
.....#.g........
.........#......
...#..#.## ###..
.....#..
..#####. ... .
.^ ..


You could see Ijyb and a hound.

Vanquished Creatures
  4 adders
  A worm (D:2)
  2 dart slugs
  6 endoplasms
  4 giant cockroaches
  3 goblins
  2 hobgoblins
  3 jackals (D:1)
  2 kobolds (D:3)
  2 quokkas
  5 ball pythons
  4 bats
  3 frilled lizards
  7 rats
48 creatures vanquished.

Vanquished Creatures (others)
  An orc priest (D:3)
  An orc wizard (D:3)
  An orc (D:3)
3 creatures vanquished.

Grand Total: 51 creatures vanquished

Notes
Turn   | Place    | Note
-------+----------+-------------------------------------------
     0 | D:1      | Persephone the Hill Orc Fighter began the quest for the
                  | Orb.
     0 | D:1      | Reached XP level 1. HP: 19/19 MP: 1/1
    44 | D:1      | Reached skill level 3 in Axes
   258 | D:1      | Reached XP level 2. HP: 26/26 MP: 2/2
   323 | D:1      | Reached skill level 4 in Axes
   378 | D:1      | Found a faded altar of an unknown god.
   503 | D:1      | Reached XP level 3. HP: 31/31 MP: 3/3
   897 | D:2      | Reached skill level 5 in Axes
  1064 | D:2      | You fall into a shaft and drop 2 floors!
  1083 | D:4      | Identified the -2 pair of boots of the Tundras {rElec MP+9}
  1136 | D:3      | Reached XP level 4. HP: 39/39 MP: 4/4
  1290 | D:2      | Found Qisia's Jewellery Shop.
  1389 | D:2      | Reached skill level 6 in Axes
  1874 | D:3      | Became a worshipper of Beogh the Brigand
  1903 | D:4      | Noticed Ijyb
  1908 | D:4      | HP: 1/39 [constriction (1)]
  1910 | D:4      | Gained mutation: You are weak. (Str -2) [potion of
                  | mutation]
  1910 | D:4      | Gained mutation: You have sharp toenails. [potion of
                  | mutation]
  1910 | D:4      | Gained mutation: You have hidden genetic potential. [potion
                  | of mutation]
  1910 | D:4      | Constricted to death by Ijyb

Illustrated notes

Levels and vault maps discovered:
D:1:      dpeg_arrival_tiny_j, layout_loops_ring,
          dreamdust_ecumenical_altar_statues
D:2:      layout_basic, serial_shops, shop
D:3:      minmay_evil_eye, layout_basic
D:4:      layout_cave_pools, mainiacjoe_overflow_tiny_flanked,
          general_overflow_altar, makhleb_blood_cavern_becter,
          kennysheep_generic_room_8, uniq_ijyb

Skill      XL: |  1  2  3  4 |
---------------+-------------+-----
Axes           | 3 4 5 6 |  6.2
Fighting       | |  3.6
Armour         | |  3.2
Shields        | |  3.2

Action                   |  1- 3 |  4- 6 || total
-------------------------+-------+-------++-------
Melee: War axe           |    97 |    39 ||   136
       Punch             |     1 |       ||     1
Invok: Convert to Beogh  |       |     1 ||     1
  Use: Potion            |       |     3 ||     3
Armor: Scale mail        |    34 |       ||    34
       Plate armour      |    20 |    31 ||    51
Dodge: Dodged            |    40 |     7 ||    47
Block: Buckler           |    11 |    14 ||    25
